 Dungeon Crawl Stone Soup version 0.29-a0-789-g7a8fcbc185 (webtiles) character file.

Game seed: 9152785338281705693

10 gobodom the Digger (level 2, 0/15 HPs)
             Began as a Gargoyle Earth Elementalist on July 2, 2022.
             Slain by a kobold
             ... wielding a +0 dagger
              (3 damage)
             ... on level 1 of the Dungeon.
             The game lasted 00:01:16 (537 turns).

gobodom the Digger (Gargoyle Earth Elementalist)     Turns: 537, Time: 00:01:17

Health: 0/15       AC:  4    Str: 11    XL:     2   Next: 20%
Magic:  5/5        EV: 12    Int: 15    God:
Gold:   0          SH:  0    Dex: 10    Spells: 4/5 levels left

rFire   . . .      SeeInvis .   (no weapon)
rCold   . . .      Faith    .   (no shield)
rNeg    + + .      Spirit   .   a - +0 robe
rPois   ∞          Reflect  .   (no helmet)
rElec   +          Harm     .   (no cloak)
rCorr   .          Rampage  .   (no gloves)
Will    .....                   (no boots)
Stlth   ++........              (no amulet)
HPRegen 0.05/turn               c - ring of positive energy
MPRegen 0.09/turn               (no ring)

@: no status effects
A: sickness immunity, AC +2, negative energy resistance 1, electricity
resistance, torment resistance 1, petrification resistance
a: no special abilities


You were on level 1 of the Dungeon.
You visited 1 branch of the dungeon, and saw 1 of its levels.

Inventory:

Armour
 a - a +0 robe (worn)
Jewellery
 c - a ring of positive energy (left hand)
Potions
 d - a potion of attraction {unknown}


   Skills:
 + Level 1.6 Dodging
 + Level 2.1 Stealth
 + Level 2.1 Spellcasting
 + Level 0.7 Transmutations
 + Level 4.2 Earth Magic


You had 4 spell levels left.
You knew the following spells:

 Your Spells              Type           Power      Damage    Failure   Level
a - Sandblast             Erth           28%        2d8       3%          1

Your spell library contained the following spells:

 Spells                   Type           Power      Damage    Failure   Level
 Passwall                 Tmut/Erth      7%         N/A       12%         2
 Stone Arrow              Conj/Erth      14%        3d7       28%         3
 Petrify                  Tmut/Erth      9%         N/A       61%         4


Dungeon Overview and Level Annotations

Branches:
Dungeon (1/15)

Altars:


Innate Abilities, Weirdness & Mutations

You are immune to sickness and miasma.
Your stone body is resilient. (AC +2)
You are immune to poison.
You resist negative energy. (rN+)
You are resistant to electric shocks. (rElec)
You are resistant to unholy torment.
You are immune to petrification.


Message History

The frilled lizard bites you.
You miss the frilled lizard.
The frilled lizard is heavily wounded.
The frilled lizard barely misses you.
You closely miss the frilled lizard.
The frilled lizard is heavily wounded.
The frilled lizard bites you.
You closely miss the frilled lizard.
The frilled lizard is heavily wounded.
The frilled lizard bites you.
You barely miss the frilled lizard.
The frilled lizard is heavily wounded.
The endoplasm quivers.
The frilled lizard misses you.
You completely miss the frilled lizard.
The frilled lizard is heavily wounded.
The frilled lizard barely misses you.
You hit the frilled lizard.
You kill the frilled lizard!
You are too injured to fight recklessly!
Casting: Sandblast (safe; 3% risk of failure)
Confirm with . or Enter, or press ? or * to list all spells.
Aiming: Sandblast (safe; 3% risk of failure)
Press: ? - help, Shift-Dir - straight line, f - kobold
Aim: a kobold, wielding a +0 dagger (74% to hit)
The blast of sand hits the kobold but does no damage.
The kobold hits you with a +0 dagger.
* * * LOW HITPOINT WARNING * * *
The kobold hits you but does no damage.
You closely miss the kobold. The kobold barely misses you.
You closely miss the kobold. The kobold barely misses you.
You barely miss the kobold. The kobold hits you but does no damage.
You barely miss the kobold. The kobold hits you with a +0 dagger.
* * * LOW HITPOINT WARNING * * *
You hit the kobold but do no damage. The kobold closely misses you.
You hit the kobold.
The kobold is severely wounded.
The kobold hits you but does no damage. Magic courses through your body.
The kobold hits you with a +0 dagger.
You die...

.# #.# ## #.# ...
#.# .... #.# .....
#.# ......###.#
.....JK@..######.
......###........
..... #.########
.... #.#
##########.#
#..).......#
#######.##########
#.....#.#
##.....#.#


You could see an endoplasm and a kobold.

Vanquished Creatures
  2 goblins (D:1)
  A hobgoblin (D:1)
  A quokka (D:1)
  2 ball pythons (D:1)
  3 bats (D:1)
  A frilled lizard (D:1)
  A rat (D:1)
11 creatures vanquished.

Notes
Turn   | Place    | Note
-------+----------+-------------------------------------------
     0 | D:1      | gobodom the Gargoyle Earth Elementalist began the quest for
                  | the Orb.
     0 | D:1      | Reached XP level 1. HP: 10/10 MP: 3/3
   223 | D:1      | Reached skill level 4 in Earth Magic
   478 | D:1      | Reached XP level 2. HP: 15/15 MP: 3/5
   537 | D:1      | Slain by a kobold

Illustrated notes

Levels and vault maps discovered:
D:1:      saegor_arrival_simple_a, layout_basic

Skill      XL: |  1 |
---------------+----+-----
Earth Magic    | 4 |  4.2
Dodging        | |  1.6
Stealth        | |  2.1
Spellcasting   | |  2.1
Transmutations | |  0.7

Action                   || total
-------------------------++-------
Melee: Unarmed           ||    26
 Cast: Sandblast         ||    16
  Use: Potion            ||     1
 Stab: Sleeping          ||     1
Armor: Robe              ||    13
Dodge: Dodged            ||    30

Table legend: (Time is in decaauts)
 A = Elapsed time spent in this place.
 B = Non-inter-level travel time spent in this place.
 C = Inter-level travel time spent in this place.
 D = Time resting spent in this place.
 E = Time spent auto-exploring this place.
 F = Levels seen in this place.
 G = Mean time per level.
                   A        B        C        D        E       F      G
               +--------+--------+--------+--------+--------+-----+--------+
         Total |    553 |    553 |      0 |      0 |    450 |   1 |  553.0 |
       Dungeon |    553 |    553 |      0 |      0 |    450 |   1 |  553.0 |
               +--------+--------+--------+--------+--------+-----+--------+

Top non-repeatable levels by time:
     D:1: 553 daAuts
